 Dungeon Crawl Stone Soup version 0.30-a0-39-g42789b21ef (webtiles) character file.

Game seed: 17647478496902325437

6340 SensoryNuts the Severer (level 10, -1/90 HPs)
             Began as a Hill Orc Fighter on Aug 28, 2022.
             Killed from afar by an electric eel (4 damage)
             ... with a bolt of electricity
             ... on level 9 of the Dungeon.
             The game lasted 00:13:06 (9597 turns).

SensoryNuts the Severer (Hill Orc Fighter)          Turns: 9597, Time: 00:13:06

Health: -1/90      AC: 27    Str: 20    XL:     10   Next: 96%
Magic:  10/10      EV:  6    Int:  8    God:
Gold:   1630       SH:  0    Dex: 14    Spells: 9/9 levels left

rFire   . . .      SeeInvis .    a - +2 war axe
rCold   + . .      Faith    .    j - orb {light}
rNeg    . . .      Spirit   .    f - +9 plate armour {Will+}
rPois   .          Reflect  .    (no helmet)
rElec   .          Harm     .    (no cloak)
rCorr   .          Rampage  .    z - +0 pair of gloves
Will    +....                    (no boots)
Stlth   ..........               (no amulet)
HPRegen 0.25/turn                k - +4 ring of protection
MPRegen 0.12/turn                (no ring)

@: about to teleport, glowing
A: cold resistance 1, passive freeze
a: no special abilities


You were on level 9 of the Dungeon.
You visited 2 branches of the dungeon, and saw 10 of its levels.
You also visited: Sewer and Ossuary.

You collected 1630 gold pieces.

Inventory:

Hand Weapons
 a - a +2 war axe (weapon)
Missiles
 c - a throwing net (quivered)
Armour
 f - a +9 plate armour of willpower (worn)
 j - an orb of light (worn)
 z - a +0 pair of gloves (worn)
Jewellery
 k - a +4 ring of protection (left hand)
 m - a ring of fire
 v - a ring of magical power
 D - a ring of magical power
Wands
 x - a wand of polymorph (8)
 y - a wand of roots (3)
 A - a wand of mindburst (4)
Scrolls
 d - 2 scrolls of torment
 e - 2 scrolls of teleportation
 i - a scroll of fog
 l - 3 scrolls of amnesia
 n - 3 scrolls of magic mapping
 p - a scroll of poison
 t - a scroll of identify
Potions
 b - 2 potions of curing
 g - 4 potions of lignification
 h - 2 potions of attraction
 o - 3 potions of brilliance
 q - a potion of ambrosia
 r - a potion of magic
 s - 3 potions of invisibility
 u - 3 potions of flight
 w - 2 potions of might
 B - a potion of mutation


   Skills:
 + Level 8.6 Fighting
 * Level 17.0 Axes
 + Level 7.7 Armour
 + Level 0.1 Dodging
 + Level 0.9 Stealth
 + Level 3.7 Shields


You had 9 spell levels left.
You didn't know any spells.
Your spell library contained the following spells:

 Spells                   Type           Power      Damage    Failure   Level
 Blink                    Tloc           0%         N/A       100%        2
 Gell's Gravitas          Tloc           0%         N/A       100%        3
 Lesser Beckoning         Tloc           0%         N/A       100%        3
 Teleport Other           Tloc           0%         N/A       100%        3
 Hailstorm                Conj/Ice       0%         3d3       100%        4
 Ice Form                 Ice/Tmut       0%         N/A       100%        4
 Manifold Assault         Tloc           0%         N/A       100%        5
 Dispersal                Tloc           0%         N/A       100%        6
 Simulacrum               Ice/Necr       0%         N/A       100%        6


Dungeon Overview and Level Annotations

Branches:
Dungeon (9/15)             Temple (1/1) D:4            Lair (0/5) D:8
  Sewer (visited)         Ossuary (visited)
    Orc: D:9-12

Altars:
Ashenzari
Cheibriados
Fedhas
Gozag
Hepliaklqana
Kikubaaqudgha
Makhleb
Nemelex Xobeh
Okawaru
Qazlal
Ru
Sif Muna
Trog
Uskayaw
Vehumet
Wu Jian
Xom
Yredelemnul
Zin
The Shining One

Annotations:
D:6 1 runed translucent door


Innate Abilities, Weirdness & Mutations

Your flesh is cold resistant. (rC+)
A frigid envelope surrounds you and freezes all who hurt you.


Message History

The electric eel completely resists.
The bolt of electricity hits you.
The electric eel shoots out a bolt of lightning at you!
The bolt of electricity hits you!
You closely miss the electric eel.
The electric eel shoots out a bolt of lightning at you!
The bolt of electricity hits the electric eel.
The electric eel completely resists.
The bolt of electricity hits you.
The electric eel shoots out a bolt of lightning at you!
The bolt of electricity hits you!
You hit the electric eel.
The electric eel is lightly wounded.
The electric eel shoots out a bolt of lightning at you!
The bolt of electricity hits the electric eel.
The electric eel completely resists.
The bolt of electricity hits you.
The electric eel shoots out a bolt of lightning at you!
The bolt of electricity hits you!
* * * LOW HITPOINT WARNING * * *
Okay, then.
Okay, then.
Okay, then.
You feel better.
The electric eel shoots out a bolt of lightning at you!
The bolt of electricity hits you!
* * * LOW HITPOINT WARNING * * *
The electric eel shoots out a bolt of lightning at you!
The bolt of electricity hits the electric eel.
The electric eel completely resists.
The bolt of electricity hits you.
* * * LOW HITPOINT WARNING * * *
As you read the scroll of teleportation, it crumbles to dust.
You feel strangely unstable.
The electric eel shoots out a bolt of lightning at you!
The bolt of electricity hits the electric eel.
The electric eel completely resists.
The bolt of electricity hits you!
* * * LOW HITPOINT WARNING * * *
The electric eel shoots out a bolt of lightning at you!
The bolt of electricity misses the electric eel.
The bolt of electricity hits you!
* * * LOW HITPOINT WARNING * * *
The bolt of electricity hits you.
You die...

.~~~~ ### ~~~~#### #..
~~..... #.### ###... #...
#...
##########.###########.##
...........~..........>#
....~....#~~~#########.#
..#~~~##@~~~~~# #.....#
..~~~~~#.~~~~~####.###.#
#~~~~~~S.#~~÷......###'##
~~~~~~S~...~#..#.........
~~~~~~~~....#..#.........
~~~~~~~~....#†.#.).......
~~~~~~~#......#....§....
~~~~~~~#......#.........
#~~~~~##......#######'#'


You could see 2 electric eels.

Vanquished Creatures
  A hornet (D:7)
  A wyvern (D:7)
  2 steam dragons
  A vampire mosquito (D:6)
  2 acid dragons
  8 water moccasins
  Duvessa (D:7)
  A sky beast (D:7)
  3 ogres
  2 phantoms
  4 kobold brigands
  2 gnoll sergeants
  12 bullfrogs
  11 scorpions
  5 water moccasin zombies
  Dowan (D:7)
  11 wights
  6 killer bees
  3 electric eels (D:9)
  A crimson imp (D:6)
  A jelly (D:5)
  5 orc priests
  4 iguanas
  3 orc wizards
  A scorpion zombie (D:4)
  Natasha (twice) (D:2)
  A hound zombie (D:4)
  2 mummies (Ossuary)
  6 adders
  13 gnolls
  A river rat (D:5)
  2 white imps
  4 adder zombies
  3 worms (Sewer)
  2 dart slugs
  34 orcs
  7 endoplasms
  7 giant cockroaches
  10 gnoll zombies (Ossuary)
  6 goblins
  7 hobgoblins
  4 jackals (D:2)
  2 quokkas
  11 ball pythons
  6 bats
  5 frilled lizards
  6 hobgoblin zombies (Ossuary)
  16 kobolds
  3 kobold zombies (Ossuary)
  5 orc zombies (Ossuary)
  12 rats
269 creatures vanquished.

Vanquished Creatures (others)
  16 fungi (D:8)
  68 plants
84 creatures vanquished.

Grand Total: 353 creatures vanquished

Notes
Turn   | Place    | Note
-------+----------+-------------------------------------------
     0 | D:1      | SensoryNuts the Hill Orc Fighter began the quest for the
                  | Orb.
     0 | D:1      | Reached XP level 1. HP: 19/19 MP: 1/1
   108 | D:1      | Reached skill level 3 in Axes
   131 | D:1      | Reached XP level 2. HP: 24/27 MP: 2/2
  1100 | D:2      | Reached XP level 3. HP: 33/33 MP: 3/3
  1176 | D:2      | Reached skill level 4 in Axes
  1347 | D:2      | Found a sparkling altar of Nemelex Xobeh.
  1367 | D:2      | Noticed Natasha
  1379 | D:2      | Killed Natasha
  1380 | D:2      | Reached XP level 4. HP: 13/40 MP: 4/4
  1678 | D:2      | Found a faded altar of an unknown god.
  1874 | D:2      | Noticed Natasha
  1880 | D:2      | Killed Natasha
  1881 | D:2      | Reached skill level 5 in Axes
  2055 | D:3      | Identified a scroll of acquirement
  2063 | D:3      | Gained mutation: Your muscles are strong. (Str +4, Int/Dex
                  | -1) [potion of mutation]
  2063 | D:3      | Gained mutation: Your flesh is cold resistant. (rC+)
                  | [potion of mutation]
  2063 | D:3      | Lost mutation: Your muscles are strong. (Str +4, Int/Dex
                  | -1) [potion of mutation]
  2063 | D:3      | Gained mutation: A frigid envelope surrounds you and
                  | freezes all who hurt you. [potion of mutation]
  2757 | D:3      | Acquired 1071 gold pieces
  2817 | D:4      | Reached XP level 5. HP: 34/46 MP: 5/5
  2818 | D:4      | Reached skill level 6 in Axes
  2956 | D:4      | Reached XP level 6. HP: 47/52 MP: 6/6
  3010 | D:4      | Found a staircase to the Ecumenical Temple.
  3053 | D:4      | Reached skill level 7 in Axes
  3082 | D:4      | Found a basalt altar of Yredelemnul.
  3090 | D:4      | Found a broken altar of Ashenzari.
  3090 | D:4      | Found a snail-covered altar of Cheibriados.
  3123 | D:4      | Found a glowing silver altar of Zin.
  3187 | Temple   | Entered the Ecumenical Temple
  3678 | D:4      | Reached skill level 8 in Axes
  3691 | D:4      | Reached XP level 7. HP: 47/60 MP: 7/7
  4398 | D:5      | Entered Level 5 of the Dungeon
  4667 | D:5      | Reached skill level 9 in Axes
  4667 | D:5      | Reached skill level 5 in Armour
  4937 | D:5      | Found a shimmering altar of Xom.
  4995 | D:5      | Found a glowing drain.
  5008 | Sewer    | Entered a sewer
  5047 | Sewer    | Reached XP level 8. HP: 67/67 MP: 8/8
  5071 | Sewer    | Reached skill level 5 in Fighting
  5091 | Sewer    | Reached skill level 10 in Axes
  5683 | D:5      | Reached skill level 11 in Axes
  6158 | D:6      | Found a blossoming altar of Fedhas.
  6160 | D:6      | Found a radiant altar of Vehumet.
  6221 | D:6      | Found a sand-covered staircase.
  6226 | Ossuary  | Entered an ossuary
  6371 | Ossuary  | Reached skill level 12 in Axes
  6463 | D:6      | Reached XP level 9. HP: 75/75 MP: 9/9
  6685 | D:6      | Reached skill level 13 in Axes
  6767 | D:6      | Found a burning altar of Makhleb.
  6855 | D:6      | Found an opulent altar of Gozag.
  6954 | D:6      | Found an iron altar of Okawaru.
  7023 | D:6      | Found a runed translucent door.
  7025 | D:6      | Found a runed translucent door.
  7110 | D:6      | Found a shimmering blue altar of Sif Muna.
  7171 | D:6      | Reached skill level 14 in Axes
  7496 | D:7      | Noticed Duvessa
  7497 | D:7      | Noticed Dowan
  7503 | D:7      | Killed Dowan
  7504 | D:7      | Killed Duvessa
  7564 | D:7      | Reached skill level 15 in Axes
  7564 | D:7      | Reached XP level 10. HP: 70/86 MP: 10/10
  8535 | D:8      | Reached skill level 16 in Axes
  8774 | D:8      | Found a staircase to the Lair.
  9409 | D:9      | Reached skill level 17 in Axes
  9597 | D:9      | HP: 3/90 [electric eel/bolt of electricity (12)]
  9597 | D:9      | Killed from afar by an electric eel

Illustrated notes

Levels and vault maps discovered:
D:1:      tarquinn_simple_flora_water_f, layout_loops_cross, dk_noncrumbling_2,
          wander_ebering_terrifying_dragon_lair
D:2:      layout_basic, basic_ecumenical_altar, basic_altar,
          serial_bayou_lagoon_a, uniq_natasha
D:3:      layout_loops_ring, minmay_misc_feat_x
D:4:      minmay_spotlight, layout_cave_pods,
          gammafunk_temple_overflow_forgotten, nicolae_yredelemnul_corpse_copse,
          temple_pool_b
D:5:      layout_basic, kennysheep_mini_moat, portal_sewer_entry_b
D:6:      lemuel_insect_pit, layout_loops_ring, lemuel_blue_sif_altar,
          lemuel_round_altar, okawaru_ov_weapons_minmay, makhleb_grotto_becter,
          mainiacjoe_overflow_catwalk_spiral, enter_ossuary_5
D:7:      layout_loops_ring, uniq_duvessa
D:8:      layout_rooms, due_lair_maze_entry_diamond, lightli_orcish_oven
D:9:      layout_basic, zombieorc2_lemuel, corner_web_ring
Temple:   dpeg_three_leaves_temple

Skill      XL: |  1  2  3  4  5  6  7  8  9 10 |
---------------+-------------------------------+-----
Axes           | 3 4 5 6 8 9 12 15 17 | 17.0
Fighting       | 4 5 7 8 |  8.6
Armour         | 4 5 6 7 |  7.7
Dodging        | |  0.1
Stealth        | |  0.9
Shields        | |  3.7

Action                   |  1- 3 |  4- 6 |  7- 9 | 10-12 || total
-------------------------+-------+-------+-------+-------++-------
Melee: War axe           |   107 |    76 |   254 |   137 ||   574
  Use: Potion            |     1 |     3 |     2 |     3 ||     9
       Scroll            |       |     9 |    17 |     3 ||    29
Armor: Scale mail        |     7 |       |       |       ||     7
       Plate armour      |    77 |    53 |   171 |    98 ||   399
Dodge: Dodged            |    32 |    21 |    82 |    41 ||   176
Block: Buckler           |    21 |     6 |       |       ||    27

Table legend: (Time is in decaauts)
 A = Elapsed time spent in this place.
 B = Non-inter-level travel time spent in this place.
 C = Inter-level travel time spent in this place.
 D = Time resting spent in this place.
 E = Time spent auto-exploring this place.
 F = Levels seen in this place.
 G = Mean time per level.
                   A        B        C        D        E       F      G
               +--------+--------+--------+--------+--------+-----+--------+
         Total |   9661 |   9256 |    405 |    623 |   6960 |  12 |  805.1 |
       Dungeon |   8848 |   8443 |    405 |    588 |   6484 |   9 |  983.1 |
        Temple |     84 |     84 |      0 |      0 |     58 |   1 |   84.0 |
         Sewer |    554 |    554 |      0 |     35 |    387 |   1 |  554.0 |
       Ossuary |    174 |    174 |      0 |      0 |     31 |   1 |  174.0 |
               +--------+--------+--------+--------+--------+-----+--------+

Top non-repeatable levels by time:
     D:4: 1556 daAuts
     D:5: 1214 daAuts
     D:2: 1103 daAuts
     D:1: 998 daAuts
     D:7: 958 daAuts
     D:6: 954 daAuts
     D:8: 785 daAuts
     D:3: 700 daAuts
     D:9: 575 daAuts
   Sewer: 554 daAuts
 Ossuary: 174 daAuts
  Temple: 84 daAuts
